 Dungeon Crawl Stone Soup version 0.25-a0-378-gd2ca0b7745 (webtiles) character file.

Game seed: 13528026214120104946, levelgen mode: deterministic

1333 PentaManta the Ruffian (level 8, -10/80 (81) HPs)
             Began as a Troll Fighter on Jan 7, 2020.
             Was a Follower of Uskayaw.
             Mangled by a white ugly thing (19 damage)
             ... on level 6 of the Dungeon.
             The game lasted 00:07:05 (3321 turns).

PentaManta the Ruffian (Troll Fighter)              Turns: 3321, Time: 00:07:05

HP:   -10/80 (81)   AC:  8    Str: 25    XL:     8   Next: 34%
MP:   7/7           EV: 10    Int:  4    God:    Uskayaw [*.....]
Gold: 247           SH: 10    Dex: 11    Spells: 7/7 levels left

rFire    . . .     SeeInvis .     - Unarmed
rCold    . . .     Gourm    +   b - +1 shield
rNeg     . . .     Faith    .   a - +0 robe
rPois    .         Spirit   .   (helmet restricted)
rElec    .         Reflect  .   n - +1 cloak
rCorr    .         Harm     .   (gloves unavailable)
MR       .....                  (boots unavailable)
Stlth    +.........             (no amulet)
HPRegen  0.63/turn              (no ring)
MPRegen  0.10/turn              (no ring)

@: no status effects
A: large, unfitting armour, claws 3, fast metabolism 3, gourmand, regeneration
1, shaggy fur 1, tough skin 3
a: Stomp, Renounce Religion


You were on level 6 of the Dungeon.
You worshipped Uskayaw.
Uskayaw was noncommittal.
You were not hungry.

You visited 2 branches of the dungeon, and saw 7 of its levels.

You collected 247 gold pieces.

Inventory:

Missiles
 j - 6 javelins (quivered)
Armour
 a - a +0 robe (worn)
 b - a +1 shield (worn)
 n - a +1 cloak (worn)
Wands
 i - a wand of disintegration (14)
Scrolls
 f - a scroll of teleportation
 k - 5 scrolls of remove curse
 l - a scroll of immolation {unknown}
 m - 4 scrolls of identify
 o - 2 scrolls of amnesia {unknown}
 p - a scroll of fear {unknown}
 r - a scroll of fog
 s - a scroll of magic mapping {unknown}
Potions
 c - 2 potions of might
 e - a potion of haste
 g - a potion of cancellation {unknown}
 h - 3 potions of curing {unknown}
 q - a potion of lignification {unknown}
 t - a potion of heal wounds {unknown}
Comestibles
 d - 6 rations


   Skills:
 + Level 5.4 Fighting
 + Level 5.5 Dodging
 - Level 2.4 Shields
 + Level 6.2 Unarmed Combat


You had 7 spell levels left.
You didn't know any spells.
Your spell library contained the following spells:

 Spells                   Type           Power        Failure   Level  Hunger
 Animate Skeleton         Necr           N/A          93%         1    ##.....
 Apportation              Tloc           #.....       93%         1    ##.....
 Confusing Touch          Hex            #.....       93%         1    ##.....
 Summon Small Mammal      Summ           #...         93%         1    ##.....


Dungeon Overview and Level Annotations

Branches:
Dungeon (6/15)             Temple (1/1) D:5

Altars:
Ashenzari
Cheibriados
Dithmenos
Elyvilon
Fedhas
Hepliaklqana
Kikubaaqudgha
Makhleb
Nemelex Xobeh
Qazlal
Ru
Sif Muna
Trog
Uskayaw
Vehumet
Wu Jian
Xom
Yredelemnul
Zin
The Shining One


Innate Abilities, Weirdness & Mutations

You are too large for most types of armour.
You have claws for hands.
Your metabolism is lightning-fast.
You like to eat raw meat.
Your natural rate of healing is unusually fast.
You are covered in fur. (AC +1)
You have extremely tough skin. (AC +3)


Message History

You block the white ugly thing's attack.
The orc closely misses you.
You scratch the white ugly thing.
The white ugly thing is lightly wounded.
The white ugly thing tail-slaps you. The white ugly thing freezes you!!
You scratch the white ugly thing but do no damage.
The white ugly thing is lightly wounded.
The white ugly thing tail-slaps you. The white ugly thing freezes you!
The orc hits you but does no damage. The white ugly thing tail-slaps you!
The white ugly thing freezes you!
* * * LOW HITPOINT WARNING * * *
You block the orc's attack.
You claw the orc!
You kill the orc!
You block the orc's attack.
You closely miss the orc. You block the orc's attack.
The white ugly thing tail-slaps you!
* * * LOW HITPOINT WARNING * * *
The white ugly thing freezes you!!
You die...

#### .. ... ..#
..# #..## ..#
.....###.. #......
#..)# ....# #uo#
...# ##@# #..# #.#
#..## ##.##
#..#####...######
#..#............#
##
##.........#######
.## ##.........##
<.####...#.....##
........###...##


You could see a white ugly thing and an orc.

Vanquished Creatures
  An ice beast (D:6)
  A necrophage (D:6)
  2 phantoms
  3 centaurs
  A scorpion (Temple)
  A water moccasin skeleton (D:5)
  A howler monkey (D:4)
  A bullfrog zombie (D:5)
  A crimson imp (D:5)
  4 hounds
  A jelly (D:5)
  A centaur skeleton (D:4)
  4 worker ants
  Terence (D:2)
  A howler monkey zombie (D:6)
  7 gnolls (D:2)
  7 adders
  An adder zombie (D:5)
  4 worms
  2 dart slugs (D:1)
  4 leopard geckos
  9 orcs
  5 bats
  4 giant cockroaches
  8 goblins
  6 hobgoblins
  4 jackals (D:5)
  6 quokkas
  4 ball pythons
  3 frilled lizards
  5 kobolds
  2 leopard gecko skeletons
  5 rats
110 creatures vanquished.

Notes
Turn   | Place    | Note
-------+----------+-------------------------------------------
     0 | D:1      | PentaManta the Troll Fighter began the quest for the Orb.
     0 | D:1      | Reached XP level 1. HP: 22/22 MP: 0/0
   115 | D:1      | Reached XP level 2. HP: 29/29 MP: 1/1
   592 | D:2      | Reached XP level 3. HP: 30/36 MP: 2/2
   641 | D:2      | Found a blossoming altar of Fedhas.
   693 | D:2      | Found a glowing golden altar of the Shining One.
   742 | D:2      | Reached skill level 3 in Unarmed Combat
   742 | D:2      | Reached XP level 4. HP: 31/45 MP: 3/3
  1052 | D:2      | Found a burning altar of Makhleb.
  1053 | D:2      | Noticed a blizzard demon
  1055 | D:2      | Found a glowing silver altar of Zin.
  1055 | D:2      | Noticed an angel
  1109 | D:2      | Noticed Terence
  1116 | D:2      | Killed Terence
  1116 | D:2      | Reached XP level 5. HP: 49/53 MP: 4/4
  2108 | D:4      | Reached skill level 4 in Unarmed Combat
  2108 | D:4      | Reached XP level 6. HP: 62/62 MP: 5/5
  2148 | D:4      | Found a snail-covered altar of Cheibriados.
  2571 | D:5      | Entered Level 5 of the Dungeon
  2610 | D:5      | Reached XP level 7. HP: 70/70 MP: 6/6
  2704 | D:5      | Reached skill level 5 in Unarmed Combat
  2775 | D:5      | Found a staircase to the Ecumenical Temple.
  2785 | Temple   | Entered the Ecumenical Temple
  2789 | Temple   | Reached skill level 5 in Dodging
  2792 | Temple   | Reached skill level 5 in Fighting
  2792 | Temple   | Reached XP level 8. HP: 27/80 MP: 7/7
  2875 | Temple   | Became a worshipper of Uskayaw the Reveler
  2997 | D:5      | Reached * piety under Uskayaw
  2998 | D:5      | Reached ** piety under Uskayaw
  3169 | D:5      | Found a shimmering blue altar of Sif Muna.
  3169 | D:5      | Found a bloodstained altar of Trog.
  3264 | D:6      | Reached skill level 6 in Unarmed Combat
  3310 | D:6      | Noticed a white ugly thing
  3321 | D:6      | Mangled by a white ugly thing

Levels and vault maps discovered:
D:1:      matt_arrival_los_fun, layout_rooms, st_stairs_6, minmay_crystal_room,
          kennysheep_another_room
D:2:      layout_loops_ring, grunt_temple_overflow_order_and_chaos_2,
          nicolae_overflow_crystal_walls, fedhas_altar_2,
          minmay_fractal_squares_5, uniq_terence
D:3:      layout_basic
D:4:      layout_rooms, cheibriados_altar_1, first_ration
D:5:      layout_rooms, gammafunk_temple_overflow_wave,
          minmay_temple_entry_glass
D:6:      layout_layer_cave, minmay_misc_feat_chi
Temple:   cyrus_circular_temple

Skill      XL: |  1  2  3  4  5  6  7  8 |
---------------+-------------------------+-----
Fighting       | 3 4 5 |  5.4
Dodging        | 3 4 5 |  5.5
Unarmed Combat | 3 4 5 6 |  6.2
Shields        | |  2.4

Action                   |  1- 3 |  4- 6 |  7- 9 || total
-------------------------+-------+-------+-------++-------
Melee: Unarmed           |    76 |   191 |   102 ||   369
  Use: Scroll            |       |     6 |       ||     6
  Eat: Chunk             |     8 |    11 |     3 ||    22
       Ration            |       |       |     2 ||     2
Armor: Robe              |    26 |    51 |    24 ||   101
Dodge: Dodged            |    14 |    56 |    33 ||   103
Block: Shield            |    25 |    90 |    61 ||   176

Table legend:
 A = Non-vault XP
 B = Vault XP
 C = Vault XP percentage of total XP
 D = Non-vault monster count
 E = Vault monster count
 F = Vault count percentage of total count
                 A         B        C        D         E       F
            +---------+---------+-------+---------+---------+-------
      Total |    1851 |      54 |   2.8 |     100 |      10 |   9.1
            +---------+---------+-------+---------+---------+-------
        D:1 |      32 |       2 |   5.9 |      18 |       1 |   5.3
        D:2 |     125 |      52 |  29.4 |      14 |       9 |  39.1
        D:3 |      77 |       0 |   0.0 |      21 |       0 |   0.0
        D:4 |     397 |       0 |   0.0 |      16 |       0 |   0.0
        D:5 |     750 |       0 |   0.0 |      23 |       0 |   0.0
        D:6 |     279 |       0 |   0.0 |       5 |       0 |   0.0
     Temple |     191 |       0 |   0.0 |       3 |       0 |   0.0
            +---------+---------+-------+---------+---------+-------
